 Dungeon Crawl Stone Soup version 0.27-a0-1046-g98bf31544f (webtiles) character file.

Game seed: 16770842959001888379

130069 Lanoc the Unseen (level 17, -1/125 HPs)
             Began as a Kobold Gladiator on Apr 18, 2021.
             Was a High Priest of Ashenzari.
             Slain by a purple very ugly thing (11 damage)
             ... while paralysed by a vampire knight
             ... on level 1 of the Depths on Apr 19, 2021.
             The game lasted 01:18:20 (30198 turns).

Lanoc the Unseen (Kobold Gladiator)                Turns: 30198, Time: 01:18:21

Health: -1/125     AC: 18    Str: 13    XL:     17   Next: 63%
Magic:  17/17      EV:  3    Int: 10    God:    Ashenzari [*****.]
Gold:   631        SH:  0    Dex: 21    Spells: 12/17 levels left

rFire    + + .     SeeInvis +   a - +8 arc blade {discharge, rElec}
rCold    + . .     Faith    .   W - +0 buckler of the Fated Restlessness {Elem, Melee} (curse)
rNeg     . . .     Spirit   .   q - +2 leather armour "Restrained Together" {rC+, Evo, Elem} (curse)
rPois    .         Reflect  .   c - +2 helmet of the Tethered Augur {SInv, Cun, Alch} (curse)
rElec    +         Harm     .   L - +0 cloak of the Unveiling Failure {Melee, Comp} (curse)
rCorr    .         Rampage  .   y - +2 pair of gloves of the Shattered Mistrust {Alch, Self} (curse)
Will     +....     Clarity  +   u - +0 pair of boots of the Mantic Omission {Range, Melee} (curse)
Stlth    ++++++++++             K - amulet "Disgust of Ashenzari" {Regen+, Elem, Comp} (curse)
HPRegen  1.30/turn              R - ring "Gaze Upon Infinity" {rF+, Elem, Bglg} (curse)
MPRegen  0.15/turn              X - ring "Overhang to Understand" {AC+4, Elem, Self} (curse)

@: paralysed
A: small, no large weapons, nightstalker 3, camouflage 1, fire resistance 1,
shaggy fur 1, MP-powered wands
a: Renounce Religion, Curse Item, Shatter the Chains


You were on level 1 of the Depths.
You worshipped Ashenzari.
Ashenzari was extremely pleased with you.
You visited 6 branches of the dungeon, and saw 26 of its levels.
You also visited: Ice Cave and Volcano.

You collected 2611 gold pieces.
You spent 1980 gold pieces at shops.

Inventory:

Hand Weapons
 a - the +8 arc blade (weapon) {discharge, rElec}
   (You bought it in a shop on level 10 of the Dungeon)

   It insulates you from electricity.
 d - a +4 demon trident of freezing
Missiles
 l - a curare-tipped dart
Armour
 c - the cursed +2 helmet of the Tethered Augur (worn) {SInv, Cun, Alch}
   (You found it on level 4 of the Lair of Beasts)

   It has a curse which improves the following skills: Cunning: Dodging and
   Stealth.
   Alchemy:   Poison Magic and Transmutations.
 q - the cursed +2 leather armour "Restrained Together" (worn) {rC+, Evo, Elem}
   (You took it off a kobold on level 4 of the Dungeon)

   It has a curse which improves the following skills: Evocations: Evocations.
   Elements:  Fire Magic, Ice Magic, Air Magic and Earth Magic.
 u - the cursed +0 pair of boots of the Mantic Omission (worn) {Range, Melee}
   (You found it on level 5 of the Dungeon)

   It has a curse which improves the following skills: Ranged Combat: Slings,
   Bows, Crossbows and Throwing.
   Melee Combat: Short Blades, Long Blades, Axes, Maces & Flails, Polearms,
   Staves and Unarmed Combat.
 y - the cursed +2 pair of gloves of the Shattered Mistrust (worn) {Alch, Self}
   (You found it on level 6 of the Dungeon)

   It has a curse which improves the following skills: Alchemy: Poison Magic and
   Transmutations.
   Introspection: Fighting and Spellcasting.
 L - the cursed +0 cloak of the Unveiling Failure (worn) {Melee, Comp}
   (You took it off Maurice on level 11 of the Dungeon)

   It has a curse which improves the following skills: Melee Combat: Short
   Blades, Long Blades, Axes, Maces & Flails, Polearms, Staves and Unarmed
   Combat.
   Companions: Summonings and Necromancy.
 O - +0 steam dragon scales
 T - a +0 kite shield
 W - the cursed +0 buckler of the Fated Restlessness (worn) {Elem, Melee}
   (You found it on level 4 of the Lair of Beasts)

   It has a curse which improves the following skills: Elements: Fire Magic, Ice
   Magic, Air Magic and Earth Magic.
   Melee Combat: Short Blades, Long Blades, Axes, Maces & Flails, Polearms,
   Staves and Unarmed Combat.
Jewellery
 p - a +4 ring of evasion
 z - an amulet of guardian spirit
 F - a ring of resist corrosion
 K - the cursed amulet "Disgust of Ashenzari" (around neck) {Regen+, Elem, Comp}
   (You found it on level 3 of the Lair of Beasts)

   [amulet of regeneration]

   It increases your rate of health regeneration.
   It has a curse which improves the following skills: Elements: Fire Magic, Ice
   Magic, Air Magic and Earth Magic.
   Companions: Summonings and Necromancy.
 R - the cursed ring "Gaze Upon Infinity" (left hand) {rF+, Elem, Bglg}
   (You found it on level 14 of the Dungeon)

   [ring of protection from fire]

   It protects you from fire.
   It has a curse which improves the following skills: Elements: Fire Magic, Ice
   Magic, Air Magic and Earth Magic.
   Beguiling: Conjurations, Hexes and Translocations.
 V - a ring of positive energy
 X - the cursed ring "Overhang to Understand" (right hand) {AC+4, Elem, Self}
   (You found it on level 4 of the Lair of Beasts)

   [ring of protection]

   It affects your AC (+4).
   It has a curse which improves the following skills: Elements: Fire Magic, Ice
   Magic, Air Magic and Earth Magic.
   Introspection: Fighting and Spellcasting.
 Y - the ring of Gookhle {Int+2 SInv Stlth+}
   (You found it on level 6 of the Lair of Beasts)

   [ring of see invisible]

   It affects your intelligence (+2).
   It lets you see invisible.
   It makes you more stealthy.
Wands
 j - a wand of flame (35)
 w - a wand of iceblast (13)
 x - a wand of paralysis (26)
 I - a wand of acid (8)
 N - a wand of polymorph (11)
Scrolls
 e - 3 scrolls of amnesia
 f - 14 scrolls of teleportation
 h - 2 scrolls of torment
 i - a scroll of fear
 m - 3 scrolls of fog
 s - a scroll of silence
 v - 4 scrolls of brand weapon
 B - 3 scrolls of blinking
 C - 2 scrolls of magic mapping
 D - 2 scrolls of holy word
 E - a scroll of summoning
 H - a scroll of immolation
 Q - 2 scrolls of enchant armour
 Z - 2 scrolls of enchant weapon
Potions
 b - 3 potions of cancellation
 g - 6 potions of flight
 k - 10 potions of curing
 n - 2 potions of brilliance
 o - 5 potions of mutation
 r - 2 potions of magic
 t - 5 potions of berserk rage
 A - 6 potions of might
 G - 3 potions of ambrosia
 J - a potion of heal wounds
 M - 3 potions of resistance
 P - 3 potions of lignification
 S - a potion of haste
Miscellaneous
 U - a phantom mirror


   Skills:
 + Level 17.3(20.6) Fighting
 - Level 11.6(16.4) Short Blades
 - Level 2.1(4.2) Throwing
 + Level 18.8(20.8) Dodging
 - Level 18.9(20.9) Stealth
 - Level 5.6 Shields
 * Level 7.1(9.8) Hexes


You had 12 spell levels left.
You knew the following spells:

 Your Spells              Type           Power      Damage    Failure   Level
a - Ensorcelled Hibernat  Hex/Ice        22%        N/A       7%          2
b - Tukima's Dance        Hex            20%        N/A       2%          3

Your spell library contained the following spells:

 Spells                   Type           Power      Damage    Failure   Level
 Corona                   Hex            22%        N/A       1%          1
 Confusing Touch          Hex            20%        N/A       2%          3
 Dazzling Flash           Conj/Hex       20%        N/A       17%         3
 Animate Skeleton         Necr           2%         N/A       34%         1
 Beastly Appendage        Tmut           2%         N/A       34%         1
 Shock                    Conj/Air       4%         1d3       34%         1
 Summon Small Mammal      Summ           4%         N/A       34%         1
 Apportation              Tloc           2%         N/A       36%         1
 Static Discharge         Conj/Air       1%         N/A       45%         2
 Wereblood                Tmut           1%         N/A       47%         2
 Searing Ray              Conj           2%         3d3       52%         2
 Swiftness                Air            2%         N/A       65%         3
 Spider Form              Tmut/Pois      0%         N/A       71%         3
 Lesser Beckoning         Tloc           0%         N/A       75%         3
 Invisibility             Hex            20%        N/A       77%         6
 Silence                  Hex/Air        5%         N/A       78%         5
 Airstrike                Air            1%         N/A       96%         4
 Ice Form                 Ice/Tmut       2%         N/A       97%         4
 Summon Lightning Spire   Summ/Air       2%         N/A       97%         4
 Alistair's Intoxication  Tmut/Pois      0%         N/A       100%        5
 Fireball                 Conj/Fire      0%         3d3       100%        5
 Hydra Form               Tmut           0%         N/A       100%        5
 Lightning Bolt           Conj/Air       0%         1d11      100%        5
 Conjure Ball Lightning   Conj/Air       0%         3x3d6     100%        6
 Ignition                 Fire           1%         3d3       100%        8
 Tornado                  Air            1%         N/A       100%        9


Dungeon Overview and Level Annotations

Branches:
Dungeon (15/15)            Temple (1/1) D:6            Lair (6/6) D:11
  Swamp (1/4) Lair:3        Snake (0/4) Lair:4        Slime (0/5) Lair:5
    Orc (2/2) D:11            Elf (0/3) Orc:2        Vaults (0/5) D:14
 Depths (1/5) D:15          IceCv (visited)         Volcano (visited)

Altars:
Ashenzari
Fedhas
Gozag
Nemelex Xobeh
Okawaru
Ru
Wu Jian
Beogh

Shops:
D:9 (   D:10 (   Orc:2 *([*

Portals:
Hell: Depths:1
Trove: D:11 (give 7 potions of haste)

Annotations:
D:9 3 runed translucent doors, trm's ghost, novice OpCj
D:12 3 runed translucent doors, exclusion: obsidian statue, Yfric's ghost, journeyman DDFi
Orc:1 Saint Roka


Innate Abilities, Weirdness & Mutations

You are small and have problems with some larger weapons.
You are completely attuned to the shadows.
Your skin changes colour to match your surroundings (Stealth+).
Your flesh is heat resistant. (rF+)
You are covered in fur. (AC +1)
You expend magic power (3 MP) to strengthen your wands.


Message History

The lich is almost destroyed.
The lich points at you and mumbles some strange words.
You struggle to resist.
You hit the lich but do no damage.
The lich is almost destroyed.
The vampire knight completely misses you.
You block the vampire knight's attack.
You hit the lich.
The lich is almost destroyed.
The lich misses you.
You puncture the lich!
The arc blade crackles.
The vampire knight is struck by an arc of lightning!!
The vampire knight is heavily damaged.
You destroy the lich!
The vampire knight draws life force from you!
The vampire knight is healed by the life force!
An ettin comes into view. It is wielding two +0 dire flails.
The lich casts a spell at itself.
The lich flickers and vanishes for a moment.
Your base Hexes skill increases to level 7!
You hit the vampire knight but do no damage.
The vampire knight is heavily damaged.
The brown ugly thing closely misses you.
You closely miss the vampire knight.
The vampire knight is heavily damaged.
The vampire knight casts a spell at you.
You suddenly lose the ability to move!
The brown ugly thing barely misses you. The vampire knight barely misses you.
The vampire knight bites you but does no damage.
The vampire knight hits you with a +1 great sword!
The vampire knight bites you.
The vampire knight draws strength from your injuries!
The vampire knight hits you with a +1 great sword!!
The vampire knight barely misses you. The purple very ugly thing claws you!
* * * LOW HITPOINT WARNING * * *
The vampire knight draws life force from you!!
* * * LOW HITPOINT WARNING * * *
The vampire knight is healed by the life force!
The purple very ugly thing claws you!
You die...

########### **
############ ,,,>
############ * ***
###.....<### ****
###.###..##### ,
,,###.###..#.### *****
###(######.###########
###(.......#........## *
##########@#L#####.### *
##########Vuu..###.###
***,*###########C#)###.###
,{{, , , #####.#.....###
*{ ** * #####.####..### *
, , ####(####..### * ** *
#####(####..### *, , ,
,.........#..## * * *
**#####.##.#.###


You could see a purple very ugly thing, a lich (invisible), a vampire knight
(invisible), a brown ugly thing and an ettin.

Vanquished Creatures
  Rupert (D:12)
  A lich (Depths:1)
  An orc warlord (Orc:2)
  A war gargoyle (D:15)
  A very ugly thing (Depths:1)
  4 stone giants (Depths:1)
  2 dire elephants (Lair:6)
  An eleionoma (Swamp:1)
  A yaktaur captain (D:15)
  2 ettins
  Josephine (Lair:5)
  The ghost of Pyinaobb the Grappler, a journeyman TrMo (Lair:1)
  2 fire dragons
  5 boulder beetles
  13 hydras
  3 centaur warriors
  2 ogre magi
  4 catoblepae
  An alligator (Swamp:1)
  6 death yaks
  3 tengu warriors
  11 two-headed ogres
  Urug (D:11)
  Nergalle (D:11)
  A spectral death yak (Lair:1)
  An iron troll (D:14)
  2 bog bodies (Swamp:1)
  A deep troll (D:15)
  A spectral hydra (Lair:1)
  A swamp dragon (Lair:6)
  2 glowing orange brains (Depths:1)
  2 necromancers (D:15)
  2 deep elf zephyrmancers (D:15)
  2 lindwurms
  A harpy (D:15)
  3 orc sorcerers (Orc:2)
  3 deep elf pyromancers (D:14)
  A harpy (shapeshifter) (D:14)
  4 manticores
  2 orc knights (Orc:2)
  4 cyclopes
  7 ugly things
  A wolf spider (D:15)
  6 black mambas
  26 elephants
  A gargoyle (D:14)
  Maurice (D:11)
  6 cane toads
  A freezing wraith (D:14)
  2 tengu conjurers
  5 rime drakes (Lair:6)
  A kobold demonologist (D:14)
  14 komodo dragons
  A meliai (shapeshifter) (D:15)
  11 trolls
  A hornet (shapeshifter) (D:13)
  18 polar bears
  2 tyrant leeches
  6 slime creatures
  A slime creature (shapeshifter) (D:14)
  A meliai zombie (D:10)
  15 blink frogs
  3 dream sheep (Lair:6)
  A centaur simulacrum (D:15)
  A human (shapeshifter) (D:15)
  67 yaks
  Grum (D:8)
  8 wyverns
  6 wraiths
  5 basilisks
  2 spectral komodo dragons (Lair:1)
  A steam dragon (Lair:6)
  A death yak simulacrum (Lair:1)
  12 vampire mosquitoes
  3 swamp worms (Lair:3)
  A warg (Orc:1)
  4 acid dragons
  26 water moccasins
  4 swamp drakes (Lair:6)
  3 ice beasts
  31 orc warriors
  A boulder beetle simulacrum (Lair:1)
  2 hornet zombies (D:8)
  2 black bears
  A sky beast (D:7)
  24 wolves
  4 ogres
  8 centaurs
  A phantom (D:5)
  4 kobold brigands
  10 bullfrogs
  A wyvern zombie (D:8)
  A cane toad simulacrum (Lair:1)
  4 scorpions
  4 killer bees (D:9)
  5 howler monkeys
  10 wights (D:9)
  9 electric eels
  6 centaur zombies
  A torpor snail simulacrum (Lair:1)
  A bullfrog zombie (D:6)
  A jelly (D:6)
  3 hounds
  17 orc priests
  Jessica (D:2)
  2 centaur skeletons
  6 iguanas
  22 orc wizards
  2 killer bee zombies
  2 howler monkey skeletons
  10 adders
  2 shadow imps
  12 white imps (D:15)
  3 worms
  An adder skeleton (D:4)
  2 dart slugs
  98 orcs
  6 ball pythons
  8 bats
  7 endoplasms
  6 giant cockroaches
  6 goblins
  3 hobgoblins
  5 jackals
  3 quokkas
  A frilled lizard (D:2)
  13 kobolds
  4 rats
754 creatures vanquished.

Vanquished Creatures (collateral kills)
  A frost giant (IceCv)
1 creature vanquished.

Vanquished Creatures (others)
  2 yaks (IceCv)
  A wolf (IceCv)
  A bush (Lair:6)
  21 fungi
  105 plants
130 creatures vanquished.

Grand Total: 885 creatures vanquished

Notes
Turn   | Place    | Note
-------+----------+-------------------------------------------
     0 | D:1      | Lanoc the Kobold Gladiator began the quest for the Orb.
     0 | D:1      | Reached XP level 1. HP: 12/12 MP: 1/1
   138 | D:1      | Reached XP level 2. HP: 14/18 MP: 2/2
   373 | D:1      | Found a faded altar of an unknown god.
   378 | D:1      | Became a worshipper of Ashenzari the Shackled
   502 | D:1      | Reached XP level 3. HP: 23/23 MP: 3/3
  1178 | D:2      | Noticed Jessica
  1185 | D:2      | Killed Jessica
  1186 | D:2      | Reached skill level 5 in Short Blades
  1186 | D:2      | Reached skill level 1 in Stealth
  1186 | D:2      | Reached XP level 4. HP: 16/28 MP: 4/4
  1821 | D:3      | Reached * piety under Ashenzari
  2124 | D:3      | Reached XP level 5. HP: 31/33 MP: 5/5
  2469 | D:4      | Reached ** piety under Ashenzari
  2544 | D:4      | Noticed an ice beast
  2554 | D:4      | Killed an ice beast
  2555 | D:4      | Reached skill level 5 in Dodging
  2555 | D:4      | Reached XP level 6. HP: 30/41 MP: 6/6
  3008 | D:4      | Reached XP level 7. HP: 45/45 MP: 7/7
  3446 | D:4      | Found an iron altar of Okawaru.
  3727 | D:5      | Entered Level 5 of the Dungeon
  4055 | D:5      | Reached *** piety under Ashenzari
  4839 | D:6      | Reached XP level 8. HP: 53/53 MP: 8/8
  4992 | D:6      | Reached **** piety under Ashenzari
  5013 | D:6      | Reached skill level 5 in Stealth
  5041 | D:6      | Found a staircase to the Ecumenical Temple.
  5047 | Temple   | Entered the Ecumenical Temple
  5157 | D:6      | Identified the Compendium of Combat Magic and the Blaze
  5205 | D:6      | Reached skill level 5 in Fighting
  5307 | D:6      | Learned a level 2 spell: Ensorcelled Hibernation
  5833 | D:7      | Reached XP level 9. HP: 60/60 MP: 9/9
  6105 | D:7      | Reached skill level 10 in Short Blades
  6268 | D:7      | Noticed a troll
  6366 | D:7      | Killed a troll
  7106 | D:8      | Reached ***** piety under Ashenzari
  7381 | D:8      | Reached XP level 10. HP: 71/71 MP: 11/11
  7497 | D:8      | Noticed Grum
  7524 | D:8      | Killed Grum
  8620 | D:9      | Reached skill level 10 in Stealth
  9024 | D:9      | Found a runed translucent gate.
  9025 | D:9      | Found a runed translucent gate.
  9025 | D:9      | Noticed trm's ghost (novice OpCj)
  9026 | D:9      | Found a runed translucent gate.
  9026 | D:9      | Noticed an 11-headed hydra
  9054 | D:9      | Found Qisafoe's Weapon Boutique.
  9246 | D:10     | Entered Level 10 of the Dungeon
  9365 | D:10     | Reached XP level 11. HP: 78/78 MP: 12/12
  9368 | D:10     | Reached skill level 10 in Dodging
  9504 | D:10     | Found Hiolypp's Antique Weapon Emporium.
  9676 | D:10     | Found the +5 scythe "Finisher" {speed, eviscerate}
  9920 | D:11     | Found a staircase to the Lair.
 10053 | D:11     | Found a portal to a secret trove of treasure.
 10457 | D:11     | Noticed Urug
 10464 | D:11     | Killed Urug
 10465 | D:11     | Reached skill level 10 in Fighting
 10465 | D:11     | Noticed a green ugly thing
 10473 | D:11     | Killed a green ugly thing
 11071 | D:11     | Found a staircase to the Orcish Mines.
 11087 | D:11     | Found a sparkling altar of Nemelex Xobeh.
 11118 | D:11     | Noticed Nergalle
 11124 | D:11     | Killed Nergalle
 11125 | D:11     | Reached XP level 12. HP: 88/88 MP: 13/13
 11149 | D:11     | Noticed Maurice
 11162 | D:11     | Killed Maurice
 11203 | D:11     | Noticed a boulder beetle
 11225 | D:11     | Killed a boulder beetle
 11677 | D:12     | Noticed Rupert
 11681 | D:12     | Killed Rupert
 12069 | D:12     | Found a sacrificial altar of Ru.
 12101 | D:12     | Found a runed translucent gate.
 12102 | D:12     | Found a runed translucent gate.
 12102 | D:12     | Found an opulent altar of Gozag.
 12103 | D:12     | Found a runed translucent gate.
 12105 | D:12     | Noticed a vampire knight
 12159 | D:12     | Reached skill level 1 in Hexes
 12509 | D:12     | Noticed a centaur warrior
 12887 | D:12     | Noticed Yfric's ghost (journeyman DDFi)
 13052 | D:13     | Gained mutation: You expend magic power (3 MP) to
                  | strengthen your wands. [potion of mutation]
 13052 | D:13     | Gained mutation: Your skin changes colour to match your
                  | surroundings (Stealth+). [potion of mutation]
 13052 | D:13     | Gained mutation: Your flesh is heat resistant. (rF+)
                  | [potion of mutation]
 13052 | D:13     | Gained mutation: You are covered in fur. (AC +1) [potion of
                  | mutation]
 13127 | D:13     | Noticed a two-headed ogre
 13199 | D:12     | Killed a two-headed ogre
 13680 | D:14     | Reached XP level 13. HP: 95/95 MP: 14/14
 13748 | D:14     | Noticed a catoblepas
 13858 | D:14     | Noticed a boulder beetle
 14206 | D:13     | Noticed a boulder beetle
 14211 | D:13     | Killed a boulder beetle
 14212 | D:13     | Reached skill level 15 in Stealth
 14236 | D:13     | Noticed a four-headed hydra
 14243 | D:13     | Killed a four-headed hydra
 14679 | D:14     | Noticed a boulder beetle
 14739 | D:14     | Killed a boulder beetle
 15078 | D:14     | Noticed a centaur warrior
 15082 | D:14     | Killed a centaur warrior
 15235 | D:14     | Found a gate to the Vaults.
 15277 | D:15     | Entered Level 15 of the Dungeon
 15301 | D:15     | Found a frozen archway.
 15343 | IceCv    | Entered an ice cave
 15941 | IceCv    | Noticed a frost giant
 15981 | IceCv    | Killed a frost giant
 16291 | IceCv    | Reached XP level 14. HP: 98/98 MP: 14/14
 16640 | Orc:1    | Entered Level 1 of the Orcish Mines
 16933 | Orc:2    | Entered Level 2 of the Orcish Mines
 17185 | Orc:2    | Found Qoineune's General Store.
 17515 | Orc:2    | Found Peurgh Lirid's Antique Weapon Shoppe.
 17814 | Orc:2    | Noticed Saint Roka
 18020 | Orc:2    | Found a staircase to the Elven Halls.
 18094 | Orc:2    | Reached skill level 15 in Dodging
 18100 | Orc:2    | Found Exzaces's General Store.
 18182 | Orc:2    | Found Laextae's Antique Armour Emporium.
 19856 | Orc:2    | Noticed an orc warlord
 20078 | Orc:2    | Killed an orc warlord
 20569 | Lair:1   | Entered Level 1 of the Lair of Beasts
 20679 | Lair:1   | Found a dark tunnel.
 20685 | Volcano  | Entered a volcano
 20706 | Volcano  | Identified the -3 pair of gloves "Myaraoh" {rCorr Dex+4}
 21258 | Lair:1   | Found a runed translucent gate.
 21258 | Lair:1   | Found a runed translucent gate.
 21259 | Lair:1   | Found a runed translucent gate.
 22430 | Lair:2   | Reached XP level 15. HP: 102/108 MP: 15/15
 23893 | Lair:3   | Reached skill level 15 in Fighting
 24508 | Lair:3   | Found a staircase to the Swamp.
 24681 | Lair:4   | Found a staircase to the Snake Pit.
 24883 | D:10     | Bought the +8 arc blade {discharge, rElec} for 1980 gold
                  | pieces
 24883 | D:10     | Found the +8 arc blade {discharge, rElec}
 24978 | Lair:1   | Noticed Pyinaobb's ghost (journeyman TrMo)
 25026 | Lair:1   | Killed Pyinaobb's ghost
 25628 | Lair:4   | Identified the +5 spear "Nikuanot" {flame, +Blink rElec
                  | Will+ Int-5}
 26170 | Lair:5   | Reached skill level 1 in Shields
 26235 | Lair:5   | Noticed Josephine
 26240 | Lair:5   | Killed Josephine
 26461 | Lair:5   | Found a staircase to the Slime Pits.
 27079 | Lair:6   | Entered Level 6 of the Lair of Beasts
 27104 | Lair:6   | Reached XP level 16. HP: 116/116 MP: 16/16
 27138 | Lair:6   | Identified the ring of Gookhle {Int+2 SInv Stlth+}
 27751 | Lair:6   | HP: 4/118 [dire elephant (12)]
 28056 | Lair:6   | Reached skill level 5 in Shields
 28384 | Lair:6   | Upgraded the game from 0.27-a0-1036-g8e1b44f6bd to
                  | 0.27-a0-1046-g98bf31544f
 28533 | Swamp:1  | Entered Level 1 of the Swamp
 29002 | D:14     | Learned a level 3 spell: Tukima's Dance
 29175 | D:15     | Reached XP level 17. HP: 122/124 MP: 17/17
 29547 | D:15     | Found a staircase to the Depths.
 29718 | D:15     | Reached skill level 5 in Hexes
 29746 | D:15     | Identified the +7 halberd of Xuraiq {drain, rC+}
 29908 | Depths:1 | Entered Level 1 of the Depths
 29920 | Depths:1 | Found a gateway to Hell.
 30038 | Depths:1 | Noticed a lich
 30181 | Depths:1 | Noticed a lich
 30192 | Depths:1 | Killed a lich
 30194 | Depths:1 | Paralysed by a vampire knight for 6 turns
 30198 | Depths:1 | Slain by a purple very ugly thing

Illustrated notes

Levels and vault maps discovered:
D:1:      sevenhm_arrival_forest_fort_large_2, layout_rooms,
          shapermc_ecumenical_altar_starsandcircs, serial_forest,
          infiniplex_forest_clump_medium, infiniplex_forest_straight_2,
          infiniplex_forest_end_1, infiniplex_forest_clump_cross,
          infiniplex_forest_clump_double, chequers_serial_rivers_small_3
D:2:      layout_basic, minmay_puff, uniq_jessica
D:3:      minmay_chambers_of_threes, layout_rooms, minmay_liquid_box
D:4:      layout_gridville, overflow_temple_1_default, serial_co_window_serial,
          co_window_paths_b, co_window_paths_b, co_window_corner_a,
          co_window_of_opportunity_a, co_window_paths_a, co_window_broadway_a,
          co_window_2corner, co_window_of_opportunity_c,
          co_window_of_opportunity_b, co_window_sun, glass_columns_b,
          minmay_crystal_water, minmay_crystal_room
D:5:      layout_basic
D:6:      layout_basic, minmay_temple_entry_trees
D:7:      layout_basic, amcnicky_mini_rare_corridor_liquid
D:8:      layout_loops_cross, uniq_grum
D:9:      layout_stronghold, gammafunk_ghost_hydra_chop, serial_shops, shop
D:10:     layout_basic, serial_shops, nicolae_shop_overgrown_old_shop
D:11:     layout_basic, minmay_lair_entry_grove, hiddenorc1_lemuel,
          enter_trove_2, nemelex_spade_bored_becter, uniq_urug, uniq_maurice,
          uniq_nergalle
D:12:     layout_basic, ebering_ghost_gozag, nicolae_ru_sacrificial_ziggurat,
          uniq_rupert
D:13:     layout_loops_cross
D:14:     layout_cross, david_vaults_4, hangedman_abyss_or_decor_slice
D:15:     hangedman_depths_entry_civil_slaughter, layout_rooms,
          portal_ice_cave_entry_imps, dk_noncrumbling_4, minmay_evil_grid
Temple:   grunt_wide_crystal_templ
Lair:1:   layout_small_grid, gammafunk_ghost_necromancy,
          nicolae_volcano_entry_hallway, grunt_forest_small_clearings,
          serial_bayou_lake_a
Lair:2:   layout_cave_pods, serial_bayou_shore_b
Lair:3:   layout_hall_layers, palyth_hydra_swamp_entry
Lair:4:   layout_cave_pods, dummy_snake_entry, lemuel_fruit_tree
Lair:5:   layout_cave_pods, dpeg_slime_entry_corner, patterned_corridor,
          grunt_megastairs_3, uniq_josephine
Lair:6:   hangedman_lair_in_review, layout_layer_cave, guppyfry_lair_end_dragon,
          serial_forest, infiniplex_forest_join, infiniplex_forest_straight_4,
          infiniplex_forest_straight_2, infiniplex_forest_clump_C,
          infiniplex_forest_lined_ring, infiniplex_forest_pool,
          infiniplex_forest_zigzag_1
Swamp:1:  layout_falls_marsh, gammafunk_ghost_split,
          evilmike_swamp_ruin_house_2, swamp_pool5
Orc:1:    layout_caves
Orc:2:    grunt_orc_community_town_hall, layout_caves,
          grunt_orc_community_big_house_2, grunt_orc_community_big_house_2,
          grunt_orc_community_house_3, grunt_orc_community_house_1,
          grunt_orc_community_house_3, grunt_orc_community_house_1,
          grunt_orc_community_house_2, grunt_orc_community_house_1,
          mines2_david, uniq_saint_roka
Depths:1: layout_basic, hell_entry, kennysheep_vampire_church

Skill      XL: |  1  2  3  4  5  6  7  8  9 10 11 12 13 14 15 16 17 |
---------------+----------------------------------------------------+-----
Dodging        | 4 5 6 8 9 11 13 14 15 17 18 | 18.8
Short Blades   | 5 6 8 9 11 | 11.6
Stealth        | 1 3 4 6 7 10 12 14 16 17 18 | 18.9
Fighting       | 3 4 5 6 8 10 11 13 14 15 16 17 | 17.3
Hexes          | 2 3 7 |  7.1
Shields        | 2 5 |  5.6
Throwing       | |  2.1

Action                   |  1- 3 |  4- 6 |  7- 9 | 10-12 | 13-15 | 16-18 || total
-------------------------+-------+-------+-------+-------+-------+-------++-------
Melee: Rapier            |    61 |   132 |   216 |   783 |  1773 |   485 ||  3450
       Punch             |       |       |       |     2 |     5 |       ||     7
Throw: Throwing net      |       |     3 |     1 |     4 |     2 |       ||    10
       Dart              |       |       |       |       |     5 |       ||     5
 Cast: Ensorcelled Hiber |       |       |       |     3 |       |       ||     3
Invok: Curse Item        |     1 |     2 |     5 |     1 |     6 |     2 ||    17
       Shatter the Chain |       |       |       |       |     8 |       ||     8
Evoke: Wand              |       |       |       |    20 |    21 |       ||    41
       Phantom mirror    |       |       |       |       |     2 |       ||     2
  Use: Scroll            |       |       |       |     1 |    14 |       ||    15
       Potion            |       |       |       |     1 |     5 |     2 ||     8
 Stab: Sleeping          |     8 |    11 |    28 |    40 |   103 |    25 ||   215
       Held in net/web   |       |     2 |     1 |     4 |     2 |       ||     9
       Distracted        |       |       |     2 |     2 |    15 |     6 ||    25
       Petrified         |       |       |       |       |       |     6 ||     6
       Petrifying        |       |       |       |       |       |     1 ||     1
Armor: Leather armour    |    17 |       |       |       |   187 |    55 ||   259
       Robe              |       |    28 |    27 |    52 |    12 |       ||   119
Dodge: Dodged            |    65 |   117 |   121 |   479 |  1715 |   347 ||  2844
Block: Buckler           |       |       |       |       |    18 |   100 ||   118

Table legend: (Time is in decaauts)
 A = Elapsed time spent in this place.
 B = Non-inter-level travel time spent in this place.
 C = Inter-level travel time spent in this place.
 D = Time resting spent in this place.
 E = Time spent auto-exploring this place.
 F = Levels seen in this place.
 G = Mean time per level.
                   A        B        C        D        E       F      G
               +--------+--------+--------+--------+--------+-----+--------+
         Total |  28759 |  27480 |   1279 |   1954 |  19160 |  28 | 1027.1 |
       Dungeon |  16300 |  15576 |    724 |    823 |  11589 |  15 | 1086.7 |
        Temple |      1 |      1 |      0 |      0 |      0 |   1 |    1.0 |
          Lair |   7534 |   7020 |    514 |     17 |   5584 |   6 | 1255.7 |
         Swamp |     41 |     41 |      0 |      0 |     11 |   1 |   41.0 |
  Orcish Mines |   3582 |   3559 |     23 |    680 |   1744 |   2 | 1791.0 |
        Depths |    195 |    178 |     17 |      0 |     53 |   1 |  195.0 |
      Ice Cave |   1033 |   1033 |      0 |    434 |    178 |   1 | 1033.0 |
       Volcano |     70 |     70 |      0 |      0 |      0 |   1 |   70.0 |
               +--------+--------+--------+--------+--------+-----+--------+

Top non-repeatable levels by time:
   Orc:2: 2823 daAuts
    D:11: 1764 daAuts
  Lair:1: 1741 daAuts
    D:12: 1609 daAuts
    D:14: 1362 daAuts
     D:9: 1341 daAuts
  Lair:3: 1323 daAuts
     D:4: 1266 daAuts
  Lair:6: 1244 daAuts
  Lair:2: 1221 daAuts
     D:8: 1141 daAuts
    D:13: 1060 daAuts
     D:5: 1054 daAuts
  Lair:5: 1036 daAuts
   IceCv: 1033 daAuts
